 Dungeon Crawl Stone Soup version 0.28-a0-203-gf40de95187 (webtiles) character file.

Game seed: 4262501335420484297

142 Morbidden the Magician (level 5, 0/37 HPs)
             Began as a Djinni Air Elementalist on Aug 20, 2021.
             Slain by an ice beast (12 damage)
             ... on level 3 of the Dungeon.
             The game lasted 00:04:42 (3761 turns).

Morbidden the Magician (Djinni Air Elementalist)    Turns: 3761, Time: 00:04:42

Health: 0/37       AC:  2    Str:  8    XL:     5   Next: 50%
Gold:   102        EV: 16    Int: 17    God:
                   SH:  0    Dex: 13

rFire   + + .      SeeInvis .   e - +1 dagger (elec)
rCold   x . .      Faith    .   (no shield)
rNeg    . . .      Spirit   .   a - +0 robe
rPois   ∞          Reflect  .   (no helmet)
rElec   .          Harm     .   (no cloak)
rCorr   .          Rampage  .   (no gloves)
Will    .....                   (boots unavailable)
Stlth   ++........              (no amulet)
HPRegen 0.12/turn               d - +4 ring of evasion
MPRegen 0.00/turn               (no ring)

@: flying
A: sickness immunity, fire resistance 2, cold vulnerability 1, float, innate
caster, hp casting, extra vitality 1
a: no special abilities


You were on level 3 of the Dungeon.
You visited 1 branch of the dungeon, and saw 3 of its levels.

You collected 102 gold pieces.

Inventory:

Hand Weapons
 e - a +1 dagger of electrocution (weapon)
Armour
 a - a +0 robe (worn)
Jewellery
 d - a +4 ring of evasion (left hand)
Scrolls
 f - 5 scrolls of identify {unknown}
 g - a scroll of blinking {unknown}
Potions
 b - 3 potions of curing {unknown}
 c - 2 potions of brilliance {unknown}


   Skills:
 * Level 1.3 Fighting
 * Level 1.3 Short Blades
 + Level 2.7 Dodging
 + Level 1.9 Stealth
 * Level 3.7 Spellcasting


You couldn't memorise any spells.
You knew the following spells:

 Your Spells              Type           Power      Damage    Failure   Level
a - Shock                 Conj/Air       60%        1d6       3%          1
b - Static Discharge      Conj/Air       15%        N/A       5%          2
c - Swiftness             Air            15%        N/A       11%         3
d - Airstrike             Air            7%         N/A       34%         4
e - Beastly Appendage     Tmut           30%        N/A       3%          1
z - Call Imp              Summ           15%        N/A       5%          2
Your spell library was empty.

Dungeon Overview and Level Annotations

Branches:
Dungeon (3/15)

Altars:
The Shining One

Shops:
D:1 [   D:3 *

Annotations:
D:2 Sigmund


Innate Abilities, Weirdness & Mutations

You are immune to sickness and miasma.
You are immune to poison.
Your flesh is very heat resistant. (rF++)
You are vulnerable to cold. (rC-)
You float through the air rather than walking.
You learn spells naturally, not from books.
Your magical power is your life essence.
You have superior vitality. (+4 HP)


Message History

The ice beast hits your white imp. The ice beast freezes your white imp.
Your white imp resists.
Your white imp hits the ice beast but does no damage.
The ice beast closely misses your white imp.
Your white imp hits the ice beast but does no damage.
The ice beast hits your white imp. The ice beast freezes your white imp.
Your white imp resists.
Your white imp completely misses the ice beast.
The ice beast closely misses your white imp.
Your crimson imp blinks!
Your white imp misses the ice beast.
The ice beast hits your white imp. The ice beast freezes your white imp.
Your white imp resists.
Your white imp dies!
Casting: Call Imp (safe; 5% risk of failure)
Confirm with . or Enter, or press ? or * to list all spells.
A beastly little devil appears in a puff of flame.
Casting: Call Imp (safe; 5% risk of failure)
Confirm with . or Enter, or press ? or * to list all spells.
A beastly little devil appears in a puff of flame.
Unknown command.
You closely miss the ice beast.
The ice beast is severely wounded.
The ice beast closely misses you.
Unknown command.
You barely miss the ice beast.
The ice beast is severely wounded.
Your crimson imp blinks!
Your crimson imp hits the ice beast.
The ice beast hits your crimson imp. The ice beast freezes your crimson imp!
Your crimson imp is frozen!
Your crimson imp dies!
You hit the ice beast.
The ice beast is severely wounded.
The ice beast barely misses you.
Unknown command.
You swap places.
Your crimson imp blinks!
The ice beast hits you. The ice beast freezes you!
You feel a terrible chill!
You die...

.......#.....#.####..#
..#.###......#.##....#
.<.....#######.##5#>##
.####### #......# .#
##########.### .#
#.......##.# .#
#.####..##.#
.#######.####..##Y#
...............5@§#
...#####.####..####
...# #.####..# ...#
#.......# ...#
######### .### ..# #.#
#.#


You could see an ice beast (ally target) and 2 friendly crimson imps.

Vanquished Creatures
  A hound (D:3)
  4 adders
  A worm (D:3)
  A dart slug (D:1)
  An orc (D:3)
  5 ball pythons
  5 bats
  6 endoplasms
  5 giant cockroaches
  9 goblins
  8 hobgoblins
  A quokka (D:2)
  7 frilled lizards
  3 kobolds
  7 rats
64 creatures vanquished.

Vanquished Creatures (collateral kills)
  3 orcs (D:3)
  An endoplasm (D:3)
  A bat (D:3)
  A rat (D:3)
6 creatures vanquished.

Vanquished Creatures (others)
  An orc (D:3)
1 creature vanquished.

Grand Total: 71 creatures vanquished

Notes
Turn   | Place    | Note
-------+----------+-------------------------------------------
     0 | D:1      | Morbidden the Djinni Air Elementalist began the quest for
                  | the Orb.
     0 | D:1      | Reached XP level 1. HP: 15/15 MP: 0/0
   476 | D:1      | Reached XP level 2. HP: 17/21 MP: 0/0
   994 | D:1      | Found a faded altar of an unknown god.
  1163 | D:1      | Reached skill level 3 in Spellcasting
  1163 | D:1      | Reached XP level 3. HP: 22/26 MP: 0/0
  1163 | D:1      | Learned a level 1 spell: Beastly Appendage
  1622 | D:1      | Found Rifun's Armour Shop.
  1935 | D:2      | Reached XP level 4. HP: 29/31 MP: 0/0
  2071 | D:2      | Noticed Sigmund
  2701 | D:2      | Reached skill level 1 in Fighting
  2842 | D:3      | Found Guomuvar's General Store.
  3015 | D:3      | Found a glowing golden altar of the Shining One.
  3308 | D:3      | Reached XP level 5. HP: 32/37 MP: 0/0
  3308 | D:3      | Learned a level 2 spell: Call Imp
  3535 | D:3      | Reached skill level 1 in Short Blades
  3663 | D:3      | Noticed an ice beast
  3761 | D:3      | Slain by an ice beast

Illustrated notes

Levels and vault maps discovered:
D:1:      minmay_arrival_widening_spiral_narrow, layout_basic,
          hellmonk_ecumenical_altar_blasted, serial_shops, shop, minmay_3d_cube
D:2:      layout_basic, minmay_unequal, uniq_sigmund
D:3:      minmay_chambers_of_threes, layout_loops_cross, tso_oasis_becter,
          serial_shops, nicolae_shop_trees

Skill      XL: |  1  2  3  4  5 |
---------------+----------------+-----
Spellcasting   | 3 |  3.7
Fighting       | 1 |  1.3
Short Blades   | 1 |  1.3
Dodging        | |  2.7
Stealth        | |  1.9

Action                   |  1- 3 |  4- 6 || total
-------------------------+-------+-------++-------
Melee: Dagger            |    40 |    59 ||    99
       Headbutt          |     1 |       ||     1
 Cast: Shock             |    58 |    24 ||    82
       Static Discharge  |     1 |     1 ||     2
       Beastly Appendage |     1 |       ||     1
       Call Imp          |       |    20 ||    20
 Stab: Sleeping          |     1 |     3 ||     4
Armor: Robe              |     3 |     7 ||    10
Dodge: Dodged            |    48 |    52 ||   100

Table legend: (Time is in decaauts)
 A = Elapsed time spent in this place.
 B = Non-inter-level travel time spent in this place.
 C = Inter-level travel time spent in this place.
 D = Time resting spent in this place.
 E = Time spent auto-exploring this place.
 F = Levels seen in this place.
 G = Mean time per level.
                   A        B        C        D        E       F      G
               +--------+--------+--------+--------+--------+-----+--------+
         Total |   3758 |   3705 |     53 |    412 |   2804 |   3 | 1252.7 |
       Dungeon |   3758 |   3705 |     53 |    412 |   2804 |   3 | 1252.7 |
               +--------+--------+--------+--------+--------+-----+--------+

Top non-repeatable levels by time:
     D:1: 1869 daAuts
     D:3: 1002 daAuts
     D:2: 887 daAuts
